 Dungeon Crawl Stone Soup version 0.29-a0-872-g797fff5ad1 (webtiles) character file.

Game seed: 15071427116742837420

31 xian the Covered (level 3, -2/29 HPs)
             Began as a Demonspawn Fighter on July 18, 2022.
             Slain by Terence
             ... wielding a +1 vorpal mace
              (6 damage)
             ... on level 2 of the Dungeon.
             The game lasted 00:02:29 (1158 turns).

xian the Covered (Demonspawn Fighter)               Turns: 1158, Time: 00:02:30

Health: -2/29      AC:  9    Str: 18    XL:     3   Next: 7%
Magic:  3/3        EV:  6    Int:  9    God:
Gold:   22         SH:  4    Dex: 12    Spells: 2/2 levels left

rFire   . . .      SeeInvis .   i - +3 dagger
rCold   . . .      Faith    .   c - +0 buckler
rNeg    . . .      Spirit   .   h - +0 chain mail
rPois   .          Reflect  .   (no helmet)
rElec   .          Harm     .   (no cloak)
rCorr   .          Rampage  .   (no gloves)
Will    .....                   (no boots)
Stlth   ..........              g - amulet of the acrobat
HPRegen 0.09/turn               (no ring)
MPRegen 0.08/turn               (no ring)

@: mighty
A: demonic magic 1
a: no special abilities


You were on level 2 of the Dungeon.
You visited 1 branch of the dungeon, and saw 2 of its levels.

You collected 22 gold pieces.

Inventory:

Hand Weapons
 i - a +3 dagger (weapon)
Missiles
 f - 4 boomerangs of dispersal (quivered)
Armour
 c - a +0 buckler (worn)
 h - a +0 chain mail (worn)
Jewellery
 b - an amulet of reflection
 g - an amulet of the acrobat (around neck)
Scrolls
 k - a scroll of fog
Potions
 a - 3 potions of lignification {unknown}
 e - a potion of heal wounds {unknown}


   Skills:
 + Level 3.0 Fighting
 + Level 0.3(1.2) Short Blades
 + Level 2.0 Long Blades
 + Level 3.2 Armour
 + Level 0.1 Dodging
 + Level 3.1 Shields


You had 2 spell levels left.
You didn't know any spells.
Your spell library was empty.

Dungeon Overview and Level Annotations

Branches:
Dungeon (2/15)

Altars:

Annotations:
D:2 Terence


Innate Abilities, Weirdness & Mutations

Spells you cast may paralyse adjacent enemies.


Message History

You block the jackal's attack.
You hit the jackal.
You kill the jackal!
The dart slug launches a dart at you.
The slug dart hits you but does no damage.
You have reached level 3!
Your experience leads to an increase in your attributes!
Increase (S)trength, (I)ntelligence, or (D)exterity?
You feel stronger. x2
You see here a jackal corpse.
You hit the dart slug.
The dart slug is lightly wounded.
You block the dart slug's attack.
You hit the dart slug.
The dart slug is heavily wounded.
The dart slug bites you but does no damage.
You hit the dart slug.
The dart slug is almost dead.
The dart slug bites you but does no damage.
You hit the dart slug.
You kill the dart slug!
Terence completely misses you.
You hit Terence.
Terence is moderately wounded.
Terence hits you with a +1 vorpal mace. Terence attacks as you move away!
Terence hits you with a +1 vorpal mace!
* * * LOW HITPOINT WARNING * * *
x2
Things that are here:
a jackal corpse; a jackal corpse
Okay, then.
You feel very mighty all of a sudden. Terence hits you but does no damage.
You completely miss Terence.
Terence is moderately wounded.
Terence hits you with a +1 vorpal mace.
* * * LOW HITPOINT WARNING * * *
x2 You hit Terence.
Terence is moderately wounded.
Terence hits you with a +1 vorpal mace.
You die...

... .. ##.. w.
.#.##. .... #..#
# #..# . #. #<.#
.. ##.## #..#
#..## .....##@.#
.#.#..
#.#...@.##.....#
##............#
...........#..#
...........#.##
.............#
.....!.......#
................
........$.......


You could see Terence.

Vanquished Creatures
  2 dart slugs
  An endoplasm (D:2)
  3 hobgoblins (D:1)
  6 jackals
  2 quokkas (D:1)
  2 bats (D:1)
  A goblin (D:1)
  6 kobolds (D:1)
  2 rats (D:1)
25 creatures vanquished.

Vanquished Creatures (others)
  7 plants (D:1)
7 creatures vanquished.

Grand Total: 32 creatures vanquished

Notes
Turn   | Place    | Note
-------+----------+-------------------------------------------
     0 | D:1      | xian the Demonspawn Fighter began the quest for the Orb.
     0 | D:1      | Reached XP level 1. HP: 18/18 MP: 1/1
   335 | D:1      | Gained mutation: Spells you cast may paralyse adjacent
                  | enemies. [demonic ancestry]
   335 | D:1      | Reached XP level 2. HP: 24/24 MP: 2/2
  1145 | D:2      | Noticed Terence
  1148 | D:2      | Reached XP level 3. HP: 25/29 MP: 3/3
  1158 | D:2      | Slain by Terence

Illustrated notes

Levels and vault maps discovered:
D:1:      amcnicky_arrival_underground_garden, layout_basic, kennysheep_boxes
D:2:      layout_rooms, nicolae_wormholes, uniq_terence

Skill      XL: |  1  2 |
---------------+-------+-----
Shields        | 3 |  3.1
Armour         | 3 |  3.2
Long Blades    | 2 |  2.0
Fighting       | |  3.0
Short Blades   | |  0.3
Dodging        | |  0.1

Action                   || total
-------------------------++-------
Melee: Long sword        ||    35
       Dagger            ||    61
  Use: Scroll            ||     2
       Potion            ||     1
Armor: Scale mail        ||    18
       Chain mail        ||    45
Dodge: Dodged            ||    52
Block: Buckler           ||    26

Table legend: (Time is in decaauts)
 A = Elapsed time spent in this place.
 B = Non-inter-level travel time spent in this place.
 C = Inter-level travel time spent in this place.
 D = Time resting spent in this place.
 E = Time spent auto-exploring this place.
 F = Levels seen in this place.
 G = Mean time per level.
                   A        B        C        D        E       F      G
               +--------+--------+--------+--------+--------+-----+--------+
         Total |   1168 |   1148 |     20 |      0 |    829 |   2 |  584.0 |
       Dungeon |   1168 |   1148 |     20 |      0 |    829 |   2 |  584.0 |
               +--------+--------+--------+--------+--------+-----+--------+

Top non-repeatable levels by time:
     D:1: 1122 daAuts
     D:2: 45 daAuts
